Map: Neon Violet Square LE

Players

Warp - Winner!

  • Race: Protoss Protoss
  • League: Gold
  • Spawn Location: 5:00

WeAreLegion

  • Race: Terran Terran
  • League: Silver
  • Spawn Location: 11:00

VOD

Have the link to the VOD?

Description

Time

  • Played on: Dec. 13, 2024, 8:45 p.m.
  • Length: 16:21
Show
View Real Time Build Order
Export as new Build Order

Warp Protoss - Winner!

Build Orders: 1 Gate Expand, Chargelot Immortal, Colossus Rush 

Get SALT Encoding   

  12  0:00  Probe  
  13  0:12  Probe  
  14  0:20  Pylon  
  14  0:24  Probe  
  15  0:38  Probe  
  16  0:46  Gateway  
  16  0:50  Probe  
  17  0:58  Assimilator  
  17  1:02  Probe  
  18  1:15  Probe  
  19  1:27  Probe  
  20  1:34  Nexus  
  20  1:39  Probe  
  21  1:44  Cybernetics Core  
  21  1:51  Probe  
  21  1:54  Assimilator  
  22  1:57  Pylon  
  22  2:06  Probe  
  23  2:14  Stalker  
  23  2:24  Warp Gate  
  25  2:36  Probe  
  26  2:38  Robotics Facility  
  26  2:45  Stalker  
  26  2:51  Probe x2  
  30  3:03  Probe x2  
  31  3:15  Probe x2  
  31  3:19  Pylon  
  33  3:27  Gateway, Probe x2  
  33  3:30  Gateway  
  33  3:34  Pylon  
  35  3:37  Observer  
  35  3:39  Probe  
  37  3:50  Probe  
  37  3:51  Probe  
  39  3:57  Twilight Council  
  39  4:00  Forge  
  40  4:02  Probe  
  40  4:03  Probe  
  40  4:05  Assimilator  
  40  4:06  Immortal  
  40  4:09  Assimilator  
  45  4:26  Pylon  
  45  4:33  Probe  
  45  4:35  Probe  
  47  4:41  Probe  
  47  4:43  Protoss Ground Weapons Level 1  
  48  4:46  Charge  
  48  4:47  Probe  
  48  4:49  Probe  
  49  4:53  Robotics Facility  
  49  4:58  Immortal  
  49  4:59  Probe  
  51  5:00  Robotics Bay  
  51  5:01  Probe  
  52  5:11  Probe  
  57  5:22  Nexus  
  57  5:23  Probe  
  57  5:27  Probe  
  59  5:34  Pylon  
  59  5:35  Probe  
  60  5:39  Probe  
  61  5:47  Colossus  
  67  5:51  Colossus  
  67  5:57  Probe x2  
  75  6:00  Extended Thermal Lance  
  68  6:16  Stalker x3  
  70  6:27  Probe  
  71  6:35  Probe  
  70  6:44  Probe  
  66  6:56  Probe  
  66  6:58  Probe x2  
  69  7:02  Colossus  
  69  7:05  Warp Prism  
  77  7:08  Probe  
  77  7:10  Probe x2  
  80  7:17  Probe  
  80  7:22  Probe x2  
  83  7:25  Probe  
  83  7:27  Pylon  
  84  7:32  Pylon  
  84  7:35  Probe  
  84  7:42  Gateway x2  
  84  7:47  Gateway, Probe  
  84  7:48  Gateway  
  84  7:50  Protoss Ground Armor Level 1  
  85  7:59  Probe  
  85  8:00  Assimilator  
  85  8:03  Assimilator, Colossus  
  92  8:06  Immortal  
  96  8:15  Templar Archives  
  96  8:30  Zealot x3  
  102  8:38  Pylon  
  102  8:45  Observer  
  88  8:59  Pylon  
  88  9:02  Shield Battery  
  80  9:09  Zealot x6  
  76  9:10  Zealot, Colossus x2  
  73  9:32  Protoss Ground Weapons Level 2  
  73  9:35  Blink  
  72  9:50  Probe  
  72  9:51  Shield Battery  
  73  9:54  Immortal x2, Photon Cannon  
  73  9:57  High Templar x2  
  73  9:58  High Templar  
  79  10:03  Probe  
  88  10:07  Archon  
  80  10:22  High Templar  
  80  10:27  Archon  
  82  10:29  Zealot x5  
  82  10:35  Observer  
  93  10:37  Immortal  
  100  10:53  Immortal  
  101  10:59  Zealot x3  
  101  11:00  Zealot x4  
  115  11:24  Nexus  
  111  11:27  Pylon  
  111  11:30  Zealot x3  
  111  11:31  Zealot x2  
  119  11:36  Observer  
  120  11:49  Immortal  
  124  11:54  Protoss Ground Armor Level 2  
  124  11:57  High Templar  
  124  11:58  High Templar x3  
  132  12:07  Pylon  
  132  12:09  Pylon  
  132  12:10  Archon x2  
  132  12:14  Pylon  
  128  12:24  Zealot x3  
  124  12:44  Probe  
  124  12:45  Nexus  
  125  12:52  Probe  
  126  13:02  Probe  
  127  13:14  Probe  
  127  13:18  Pylon  
  128  13:21  Pylon  
  128  13:23  Pylon  
  128  13:25  Zealot x3  
  128  13:26  Zealot x4, Probe  
  137  13:55  Immortal  
  137  13:56  Immortal  
  105  14:23  Zealot x2  
  105  14:24  Zealot x5  
  113  14:35  Immortal  
  117  14:46  Shield Battery  
  117  14:48  Photon Cannon  
  117  14:50  Photon Cannon  
  117  14:53  Pylon  
  117  14:59  Colossus  
  119  15:04  Zealot x3  
  119  15:05  Zealot x3  
  125  15:08  Probe  
  125  15:12  Pylon  
  125  15:13  Colossus  
  132  15:16  Probe  
  129  15:26  Probe  
  128  15:54  Zealot x3  
  128  15:55  Zealot x4  
Show
View Real Time Build Order
Export as new Build Order

WeAreLegion Terran 

Build Orders: Reaper Expand 

Get SALT Encoding   

  12  0:00  SCV  
  13  0:12  SCV  
  14  0:18  Supply Depot  
  14  0:24  SCV  
  15  0:39  SCV  
  15  0:40  Barracks  
  16  0:45  Refinery  
  16  0:54  SCV  
  17  1:08  SCV  
  18  1:20  SCV  
  19  1:32  Orbital Command  
  19  1:33  Reaper  
  20  1:53  Command Center  
  20  2:01  Supply Depot  
  20  2:02  SCV  
  20  2:07  Marine  
  22  2:15  SCV  
  23  2:21  Factory  
  23  2:26  Barracks Reactor  
  23  2:27  SCV  
  24  2:36  Refinery  
  24  2:39  SCV  
  25  2:51  SCV  
  26  3:03  SCV  
  27  3:08  Orbital Command  
  27  3:11  Marine x2  
  28  3:13  Hellion  
  28  3:15  SCV, Starport  
  31  3:27  SCV  
  32  3:36  Supply Depot  
  32  3:39  SCV, Widow Mine  
  32  3:41  Marine x2  
  36  3:43  SCV  
  38  3:51  SCV  
  38  3:52  Engineering Bay  
  39  3:55  SCV  
  39  3:56  Medivac  
  39  3:58  Marine  
  39  3:59  Marine  
  44  4:03  SCV  
  44  4:05  Factory Tech Lab  
  44  4:07  SCV  
  44  4:08  Widow Mine  
  48  4:16  Marine, Barracks  
  49  4:21  Barracks  
  49  4:26  SCV x2  
  49  4:28  Marine  
  49  4:31  Factory Tech Lab  
  52  4:34  Marine  
  52  4:38  SCV  
  54  4:45  SCV  
  55  4:48  Supply Depot  
  55  4:49  Supply Depot, Marine  
  55  4:50  Siege Tank, SCV  
  55  4:52  Starport Tech Lab, Marine  
  61  4:57  Terran Infantry Weapons Level 1, SCV  
  62  5:09  Marine  
  62  5:10  SCV x2  
  62  5:13  Supply Depot, Marine x2  
  67  5:15  Supply Depot  
  67  5:18  Raven  
  67  5:19  Marine  
  70  5:22  SCV  
  70  5:24  SCV  
  72  5:34  SCV  
  73  5:39  Refinery  
  74  5:43  Refinery  
  74  5:48  Marine x2  
  74  5:49  Marauder  
  78  5:51  Barracks Reactor  
  78  5:52  Factory Tech Lab  
  78  5:54  Stimpack  
  77  6:06  Marine x2  
  77  6:10  Marauder  
  81  6:24  Marine  
  81  6:28  Marine x3  
  81  6:29  Siege Tank  
  81  6:32  Marauder  
  86  6:42  Marine  
  86  6:44  Supply Depot  
  83  6:53  Marauder  
  85  6:55  Barracks  
  85  6:56  Starport Reactor, Marine  
  85  6:57  Marine  
  85  7:05  Barracks, Armory  
  85  7:08  Terran Infantry Armor Level 1  
  85  7:12  Engineering Bay  
  85  7:14  Marine, Missile Turret  
  85  7:15  Marauder  
  88  7:18  Missile Turret x2  
  88  7:29  Supply Depot  
  88  7:30  Marine x3  
  88  7:31  Supply Depot, Siege Tank  
  88  7:32  Marine  
  88  7:33  Combat Shield  
  88  7:36  Marauder  
  97  7:57  Marauder  
  99  8:14  Marine x4  
  99  8:16  Siege Tank  
  99  8:18  Supply Depot  
  99  8:19  Marauder  
  108  8:21  Supply Depot, Terran Vehicle Weapons Level 1  
  108  8:24  Terran Infantry Weapons Level 2  
  108  8:32  Marine x4  
  112  8:40  Marauder  
  114  8:42  Supply Depot  
  114  8:45  Supply Depot  
  114  8:48  Siege Tank  
  112  8:50  Marine x2  
  94  9:01  Marauder  
  76  9:20  Siege Tank  
  76  9:23  Marauder  
  69  9:28  Marine x4  
  73  9:32  Medivac x2  
  77  9:44  Marauder  
  79  9:46  Marine x4  
  79  9:47  Terran Infantry Armor Level 2  
  79  9:52  Siege Tank  
  86  10:02  Medivac x2  
  86  10:04  Marine  
  86  10:06  Marauder  
  93  10:13  Command Center  
  87  10:15  Terran Vehicle And Ship Armor Level 1  
  87  10:20  Command Center  
  82  10:24  Siege Tank, Marine x2  
  82  10:25  Marine  
  82  10:27  Marine, Marauder  
  91  10:40  Ghost Academy  
  91  10:42  Supply Depot, Marine x2  
  91  10:48  Marauder  
  95  10:56  Siege Tank  
  98  11:00  Marine x3  
  98  11:01  Marine  
  104  11:05  Viking  
  104  11:10  Marauder  
  106  11:14  Factory  
  106  11:18  Marine  
  107  11:28  Siege Tank  
  107  11:31  Marauder  
  112  11:53  Marine x4, Marauder  
  118  12:00  Siege Tank  
  121  12:02  Viking x2  
  125  12:11  Marine x4  
  125  12:14  Marauder  
  131  12:29  Marine  
  132  12:31  Viking  
  132  12:35  Marauder  
  121  12:49  Marine x4  
  121  12:50  Siege Tank  
  126  12:57  Marauder  
  128  13:01  Starport  
  128  13:04  Barracks  
  128  13:07  Factory Tech Lab  
  128  13:09  SCV x3  
  132  13:16  Orbital Command  
  132  13:18  Marauder  
  133  13:21  Planetary Fortress, SCV x2  
  133  13:22  Siege Tank  
  138  13:39  Marauder  
  140  13:46  Marine x3  
  140  13:47  Marine  
  144  13:48  Viking x2  
  144  13:50  Starport Reactor  
  144  13:54  Siege Tank, Barracks Reactor  
  148  14:00  Marine  
  88  14:19  Marauder  
  84  14:40  Marauder  
  84  14:41  Marine x4  
  84  14:42  Marine x2  
  84  14:43  Siege Tank x2  
  84  14:44  Viking x2  
  84  14:45  Viking  
  88  15:01  Marauder  
  67  15:08  Marine  
  67  15:09  Marine x2  
  67  15:12  Marine x3  
  61  15:15  Siege Tank x2  
  61  15:23  Marauder  
  61  15:26  Marine x2  
  61  15:27  Marine  
  55  15:30  Marine x2  
  52  15:36  Marine  
  48  15:44  Marauder  
  48  15:45  Marine x2  
  36  15:53  Marine  
  36  15:54  Marine  
  26  16:03  Marine  
Tags
 
Add a new tag
Caveats
  • Supply blocks, unpowered buildings, or Contaminate may cause inaccurate times.
  • Supply counts are checked every 10 seconds.